 Dungeon Crawl Stone Soup version 0.30-a0-123-g91d0c66ccf (webtiles) character file.

Game seed: 17594278032815866703

223950 Pooter the Executioner (level 18, 0/249 HPs)
             Began as a Minotaur Berserker on Sept 17, 2022.
             Was a High Priest of Trog.
             Slain by a naga warrior
             ... wielding a +0 glaive
              (14 damage)
             ... on level 1 of the Snake Pit.
             The game lasted 03:19:30 (39043 turns).

Pooter the Executioner (Minotaur Berserker)        Turns: 39043, Time: 03:19:31

Health: 0/249      AC: 30    Str: 27    XL:     18   Next: 57%
Magic:  17/17      EV: 10    Int:  5    God:    Trog [*****.]
Gold:   1129       SH:  0    Dex: 23    Spells: 17/17 levels left

rFire   + . .      SeeInvis .    a - +4 executioner's axe (flame)
rCold   + + .      Faith    .    (shield currently unavailable)
rNeg    + + +      Spirit   .    E - +4 crystal plate armour "Acleanull" {Fly rPois rN+ Int-3}
rPois   +          Reflect  .    (helmet unavailable)
rElec   +          Harm     .    q - scarf {rC+ rF+}
rCorr   +          Rampage  .    V - +0 pair of gloves of Absence {Int+2 Slay+3}
Will    +++..                    r - +1 pair of boots of the Sufficient God {+Blink rElec rF- Dex+6}
Stlth   ..........               p - amulet of Paggaowu {Regen+ Slay+6}
HPRegen 2.31/turn                Y - ring of Ysisoc {rPois rF+ rN+ rCorr}
MPRegen 0.15/turn                R - ring "Uhiythryuna" {Fly rN+ Str+2 Dex+4 Stlth+}

@: mighty, berserking, lethally poisoned (0 -> 0), strong-willed, flying,
regenerating, very quick
A: horns 3, retaliatory headbutt, camouflage 1, cold resistance 1, electricity
resistance, evolution 1
}: 1/15 runes: decaying
a: Renounce Religion, Evoke Blink, Berserk, Trog's Hand, Brothers in Arms


You were on level 1 of the Snake Pit.
You worshipped Trog.
Trog was extremely pleased with you.
You visited 5 branches of the dungeon, and saw 27 of its levels.
You also visited: Bailey and Gauntlet.

You collected 3542 gold pieces.
You spent 2413 gold pieces at shops.

Inventory:

Hand Weapons
 a - a +4 executioner's axe of flaming (weapon)
   (Trog gifted it to you on level 2 of the Orcish Mines)
 b - a +3 arbalest of freezing
   (You bought it in a shop on level 2 of the Orcish Mines)
 K - the +7 war axe of the Big Bang {vorpal, rC++ rCorr Int-5}
   (You found it on level 11 of the Dungeon)

   It inflicts extra damage upon your enemies.
   Int:       It affects your intelligence (-5).
   rC:        It greatly protects you from cold.
   rCorr:     It protects you from acid and corrosion.
 Q - a +1 spectral battleaxe
   (You took it off a wight on level 8 of the Dungeon)
 Z - a +4 dire flail
   (You took it off a two-headed ogre on level 7 of the Dungeon)
Missiles
 c - 2 atropa-tipped darts
 e - 6 javelins
 l - 5 silver boomerangs
 s - 26 boomerangs (quivered)
 y - 3 datura-tipped darts
 O - a curare-tipped dart
Armour
 q - a scarf of resistance (worn)
   (You found it on level 11 of the Dungeon)
 r - the +1 pair of boots of the Sufficient God (worn) {+Blink rElec rF- Dex+6}
   (You bought it in a shop on level 2 of the Orcish Mines)

   Dex:       It affects your dexterity (+6).
   rF:        It makes you vulnerable to fire.
   rElec:     It insulates you from electricity.
   +Blink:    It lets you blink.
 E - the +4 crystal plate armour "Acleanull" (worn) {Fly rPois rN+ Int-3}
   (You acquired it on level 12 of the Dungeon)

   Int:       It affects your intelligence (-3).
   rPois:     It protects you from poison.
   rN:        It protects you from negative energy.
   Fly:       It grants you flight.
 V - the +0 pair of gloves of Absence (worn) {Int+2 Slay+3}
   (You found it in a Gauntlet)

   Int:       It affects your intelligence (+2).
   Slay:      It affects your accuracy & damage with ranged weapons and melee
   (+3).
Jewellery
 p - the amulet of Paggaowu (around neck) {Regen+ Slay+6}
   (You acquired it on level 9 of the Dungeon)

   [amulet of regeneration]

   Slay:      It affects your accuracy & damage with ranged weapons and melee
   (+6).
   Regen:     It increases your rate of health regeneration.
 G - an amulet of reflection
   (You found it on level 6 of the Dungeon)
 I - a ring of willpower
   (You found it on level 6 of the Dungeon)
 N - a ring of positive energy
   (You found it on level 14 of the Dungeon)
 R - the ring "Uhiythryuna" (right hand) {Fly rN+ Str+2 Dex+4 Stlth+}
   (You bought it in a shop on level 1 of the Orcish Mines)

   [ring of positive energy]

   Str:       It affects your strength (+2).
   Dex:       It affects your dexterity (+4).
   rN:        It protects you from negative energy.
   Fly:       It grants you flight.
   Stlth:     It makes you more stealthy.
 S - a ring of see invisible
   (You found it on level 5 of the Lair of Beasts)
 T - the ring of Oricku {rN+ MP+9 Str+2 Dex+2}
   (You took it off a minotaur in a Gauntlet)

   [ring of magical power]

   Str:       It affects your strength (+2).
   Dex:       It affects your dexterity (+2).
   rN:        It protects you from negative energy.
   MP:        It affects your magic capacity (+9).
 X - a ring of protection from fire
   (You found it on level 1 of the Dungeon)
 Y - the ring of Ysisoc (left hand) {rPois rF+ rN+ rCorr}
   (You bought it in a shop on level 2 of the Dungeon)

   [ring of positive energy]

   rF:        It protects you from fire.
   rPois:     It protects you from poison.
   rN:        It protects you from negative energy.
   rCorr:     It protects you from acid and corrosion.
Wands
 f - a wand of flame (12)
   (You took it off Sigmund on level 3 of the Dungeon)
 g - a wand of light (6)
   (You found it in a Gauntlet)
 u - a wand of paralysis (34)
   (You found it on level 3 of the Dungeon)
 v - a wand of roots (17)
   (You found it on level 3 of the Dungeon)
 J - a wand of mindburst (21)
   (You found it on level 7 of the Dungeon)
Scrolls
 h - 2 scrolls of blinking
 i - a scroll of brand weapon
 k - 12 scrolls of immolation {!r}
 t - 6 scrolls of teleportation {@r4}
 z - 3 scrolls of magic mapping
 A - 4 scrolls of fear
 C - 3 scrolls of fog
 F - a scroll of poison
 P - 3 scrolls of silence
 U - 2 scrolls of enchant armour
Potions
 d - 2 potions of might
 j - 2 potions of cancellation
 m - 6 potions of mutation {!q}
 n - 4 potions of flight
 w - 8 potions of haste {@q3}
 x - 8 potions of curing {@q1}
 B - 12 potions of heal wounds {@q2}
 D - a potion of invisibility
 H - 3 potions of lignification {!q}
 L - a potion of attraction {!q}
 M - 4 potions of resistance
Miscellaneous
 o - a condenser vane
   (You found it on level 3 of the Lair of Beasts)
 W - a box of beasts
   (You found it on level 11 of the Dungeon)


   Skills:
 + Level 15.9 Fighting
 * Level 21.0(21.3) Axes
 - Level 6.0(15.0) Maces & Flails
 - Level 18.0 Ranged Weapons
 - Level 5.6 Throwing
 * Level 12.8 Armour
 + Level 7.5 Dodging
 + Level 5.7 Stealth
 + Level 10.6 Evocations


You had 17 spell levels left.
You didn't know any spells.
Your spell library was empty.

Dungeon Overview and Level Annotations

Branches:
Dungeon (15/15)            Temple (0/1) D:7            Lair (5/5) D:10
  Swamp (4/4) Lair:3        Snake (1/4) Lair:2        Slime (0/5) Lair:5
    Orc (2/2) D:11            Elf (0/3) Orc:2        Vaults (0/5) D:14
 Depths (0/4) D:15         Bailey (visited)         Gauntlet (visited)

Altars:
Ashenzari
Cheibriados
Dithmenos
Gozag
Hepliaklqana
Kikubaaqudgha
Makhleb
Ru
Trog
Vehumet
Xom
Yredelemnul
Jiyva
Lugonu

Shops:
D:2 =   D:7 [   D:15 **   Orc:1 *=   Orc:2 (*:([

Portals:
Abyss: Lair:5


Innate Abilities, Weirdness & Mutations

You have a pair of large horns on your head.
You reflexively headbutt those who attack you in melee.
Your skin changes colour to match your surroundings (Stealth+).
Your flesh is cold resistant. (rC+)
You are resistant to electric shocks. (rElec)
You have hidden genetic potential.


Message History

Trog accepts your kill.
You slash the naga! You burn the naga.
You kill the naga!
Trog accepts your kill.
You slice the naga ritualist!! You burn the naga ritualist!
You slice the black mamba!! You burn the black mamba!
You kill the black mamba!
Trog accepts your kill.
You feel very sick.
The black mamba bites you but does no damage.
The salamander hits you from afar with a +0 halberd!
* * * LOW HITPOINT WARNING * * *
You are engulfed in flames.
You resist.
* * * LOW HITPOINT WARNING * * *
The naga mage hits you from afar with a +0 halberd.
* * * LOW HITPOINT WARNING * * *
Your Axes skill increases to level 21!
You slice the naga ritualist!! You burn the naga ritualist.
You feel the power of Trog in you as your rage grows.
You kill the naga ritualist!
Trog accepts your kill.
You slash the black mamba! You burn the black mamba.
You feel sick.
The black mamba bites you but does no damage. x2
You feel very sick.
The naga mage casts a spell at the naga warrior.
The naga warrior seems to grow toxic.
The naga warrior barely misses you.
The salamander hits you with a +0 halberd.
* * * LOW HITPOINT WARNING * * *
You are engulfed in flames.
You resist.
* * * LOW HITPOINT WARNING * * *
The black mamba bites you but does no damage.
Things that are here:
a +0 hand axe; a +0 robe; a naga corpse You slice the naga mage like a ripe choko!!!
You burn the naga mage!
You kill the naga mage!
Trog accepts your kill.
Trog appreciates your killing of a magic user.
You completely miss the black mamba. You slash the salamander!
You feel sick.
The black mamba bites you but does no damage.
You chop the salamander into pieces!!!
You kill the salamander!
Trog accepts your kill.
You slash the black mamba! You burn the black mamba.
You kill the black mamba!
Trog accepts your kill.
You feel sick.
You hear a shout!
The naga warrior hits you from afar with a +0 glaive!
You die...

... ... ... .... ......
....N ....... .....##
.......
...............####.......
...........##.).##N........
.........##.....†).........
........#.....††@).........
...........................
............#####..........
...>......# ##.........
........# ##..(.>....
..###..## #.......... ###
#..## ##).###..... ##..###
##.).# ###..
##...#####...##


You could see a naga warrior (curare) and a salamander mystic (paralysed).

Vanquished Creatures
  the Lernaean hydra (Swamp:3)
  Agnes (Snake:1)
  2 thorn hunters
  A fenstrider witch (Swamp:1)
  An orc warlord (Orc:2)
  3 ghouls (Swamp:4)
  2 very ugly things (D:15)
  3 bunyips
  A minotaur (Gauntlet)
  5 eleionomae
  The ghost of SirDiesAlot the Geomancer, a journeyman DEEE of Vehumet (Lair:4)
  The ghost of Newt the Nimble, a journeyman DsGl of Okawaru (D:12)
  The ghost of Myatze the Blinker, a journeyman FeSu of Gozag (D:15)
  2 fire dragons
  A deep elf high priest (D:15)
  2 shambling mangroves (Swamp:4)
  23 hydras
  2 anacondas (Snake:1)
  A catoblepas (Lair:5)
  3 naga warriors (Snake:1)
  3 ogre magi
  A two-headed ogre (shapeshifter) (D:14)
  Erica (D:8)
  6 centaur warriors
  14 death yaks
  A boulder beetle (Lair:4)
  13 two-headed ogres
  11 alligators
  3 thrashing horrors (Lair:5)
  2 naga sharpshooters (Snake:1)
  2 tengu warriors (D:14)
  5 orc high priests (Orc:2)
  Nergalle (D:10)
  A glowing orange brain (D:15)
  2 goliath frogs
  13 swamp dragons
  9 bog bodies
  2 spriggan druids
  A skeletal warrior (D:12)
  2 phantasmal warriors (D:12)
  A naga ritualist (Snake:1)
  10 wizards (D:12)
  An obsidian statue (D:15)
  3 lindwurms (Swamp:4)
  An orange crystal statue (Gauntlet)
  A harpy (shapeshifter) (D:15)
  3 deep elf zephyrmancers (D:12)
  Pikel (D:8)
  A mana viper (Snake:1)
  5 deep elf pyromancers (D:12)
  10 orc knights
  A necromancer (Gauntlet)
  17 ugly things
  A cyclops (D:14)
  3 will-o-the-wisps (Swamp:1)
  A wolf spider (shapeshifter) (Lair:5)
  6 orc sorcerers
  3 manticores
  2 salamanders (Snake:1)
  11 black mambas
  27 elephants
  Joseph (D:8)
  A guardian serpent (Snake:1)
  3 naga magi (Snake:1)
  3 smoke demons (Lair:5)
  2 torpor snails
  An unseen horror zombie (D:10)
  14 cane toads
  A gargoyle (Bailey)
  An unseen horror (shapeshifter) (Lair:5)
  An unseen horror (D:11)
  11 komodo dragons
  3 rime drakes
  A yaktaur (D:13)
  An efreet (D:15)
  4 tengu conjurers
  2 ancient zymes (Lair:5)
  7 trolls
  A queen bee (shapeshifter) (D:15)
  23 blink frogs
  3 hornets (Swamp:3)
  3 bloated husks
  5 polar bears
  A tarantella (shapeshifter) (D:15)
  A wolf spider simulacrum (D:15)
  9 tyrant leeches
  20 slime creatures
  Sigmund (D:3)
  4 vampires
  A meliai zombie (D:12)
  7 shadows
  A centaur simulacrum (D:12)
  4 spriggans
  7 wraiths
  57 yaks
  A yak (shapeshifter) (D:15)
  2 wyverns
  5 basilisks
  16 vampire mosquitoes
  A steam dragon (D:9)
  A chaos spawn (Lair:5)
  The ghost of drugrobin the Cutter, an amateur DgDe (D:4)
  17 swamp worms
  2 wargs (Orc:2)
  13 nagas
  3 ice beasts
  9 water moccasins
  A sky beast (D:6)
  2 swamp drakes
  2 black bears
  29 orc warriors
  12 ogres
  9 wolves
  14 centaurs
  A lemure (D:8)
  10 small abominations (Lair:5)
  5 kobold brigands
  13 bullfrogs
  6 necrophages
  A scorpion (D:5)
  A gnoll sergeant (D:11)
  12 wights (D:8)
  11 killer bees
  10 vampire bats (Bailey)
  2 electric eels (Lair:3)
  A howler monkey (D:4)
  7 wolf zombies (Bailey)
  A bullfrog zombie (D:7)
  9 centaur zombies
  A human zombie (D:7)
  4 hounds
  12 orc priests
  4 jellies
  Jessica (D:3)
  8 iguanas
  27 orc wizards
  A statue (D:9)
  2 killer bee zombies (D:7)
  2 mummies (D:7)
  A howler monkey zombie (D:7)
  11 gnolls
  7 adders
  2 shadow imps
  4 white imps
  3 worms
  6 dart slugs
  114 orcs
  3 ball pythons
  6 endoplasms
  4 giant cockroaches
  11 goblins
  6 hobgoblins
  5 jackals (D:2)
  9 quokkas
  5 bats
  5 frilled lizards
  25 kobolds
  21 orc zombies (Bailey)
  4 rats
  2 rat zombies (D:5)
  2 plants (D:11)
1012 creatures vanquished.

Vanquished Creatures (others)
  An eldritch tentacle (D:15)
  A wizard (D:12)
  A bloated husk (Swamp:4)
  A swamp worm (Swamp:2)
  An orc priest (Orc:2)
  2 orc wizards (Orc:2)
  10 foxfires (Swamp:1)
  44 fungi
  68 plants
  3 withered plants
132 creatures vanquished.

Grand Total: 1144 creatures vanquished

Notes
Turn   | Place    | Note
-------+----------+-------------------------------------------
     0 | D:1      | Pooter the Minotaur Berserker began the quest for the Orb.
     0 | D:1      | Reached XP level 1. HP: 19/19 MP: 0/0
   132 | D:1      | Reached skill level 4 in Axes
   211 | D:1      | Reached XP level 2. HP: 27/27 MP: 1/1
   540 | D:1      | Found a faded altar of an unknown god.
   664 | D:1      | Reached ** piety under Trog
   819 | D:1      | Reached XP level 3. HP: 33/33 MP: 2/2
  1148 | D:2      | Found a shimmering altar of Xom.
  1235 | D:2      | Reached skill level 1 in Throwing
  1542 | D:2      | Reached skill level 5 in Axes
  1670 | D:2      | Reached XP level 4. HP: 41/41 MP: 3/3
  1741 | D:2      | Found Weomoopuda's Jewellery Shop.
  2564 | D:3      | Noticed Sigmund
  2571 | D:3      | Killed Sigmund
  2572 | D:3      | Reached skill level 6 in Axes
  2572 | D:3      | Reached XP level 5. HP: 47/47 MP: 4/4
  2572 | D:3      | Reached XP level 6. HP: 55/55 MP: 5/5
  2585 | D:3      | Found a broken altar of Ashenzari.
  2644 | D:3      | Identified the +10 falchion "Xitaof Socuwk" {pain, rC+
                  | rCorr Int+4}
  2705 | D:3      | Noticed Jessica
  2706 | D:3      | Killed Jessica
  2709 | D:3      | You fall into a shaft and drop 2 floors!
  2709 | D:5      | Entered Level 5 of the Dungeon
  2742 | D:5      | Reached skill level 5 in Fighting
  2983 | D:5      | Reached skill level 1 in Evocations
  3145 | D:5      | Noticed a wyvern
  3155 | D:5      | Killed a wyvern
  3156 | D:5      | Reached XP level 7. HP: 51/61 MP: 6/6
  3309 | D:5      | Reached skill level 7 in Axes
  3819 | D:3      | Reached *** piety under Trog
  3912 | D:3      | Found a bloodstained altar of Trog.
  4504 | D:4      | Found a runed translucent door.
  4513 | D:4      | Reached XP level 8. HP: 70/70 MP: 7/7
  4515 | D:4      | Noticed drugrobin's ghost (amateur DgDe)
  4532 | D:4      | Killed drugrobin's ghost
  4533 | D:4      | Reached skill level 5 in Ranged Weapons
  4572 | D:4      | Found a runed translucent door.
  4789 | D:5      | Found a burning altar of Makhleb.
  5212 | D:5      | Found an ancient bone altar of Kikubaaqudgha.
  5278 | D:5      | Reached skill level 8 in Axes
  6454 | D:7      | Reached XP level 9. HP: 78/78 MP: 8/8
  6664 | D:7      | Reached skill level 9 in Axes
  6684 | D:7      | Found a staircase to the Ecumenical Temple.
  6686 | D:7      | Noticed a two-headed ogre
  6693 | D:7      | Killed a two-headed ogre
  6945 | D:7      | Reached skill level 1 in Maces & Flails
  6981 | D:7      | Found a basalt altar of Yredelemnul.
  7114 | D:7      | Found Ehelesh's Armour Shop.
  7419 | D:8      | Noticed Joseph
  7430 | D:8      | Killed Joseph
  7832 | D:8      | Reached XP level 10. HP: 88/88 MP: 9/9
  7866 | D:8      | Reached skill level 5 in Maces & Flails
  8696 | D:8      | Found an opulent altar of Gozag.
  8749 | D:8      | Reached skill level 5 in Evocations
  9404 | D:8      | Noticed Erica
  9425 | D:8      | Killed Erica
  9426 | D:8      | Reached skill level 10 in Axes
  9429 | D:8      | Noticed Pikel
  9439 | D:8      | Killed Pikel
  9717 | D:9      | Identified a scroll of acquirement
  9717 | D:9      | Acquired the amulet of Paggaowu {Regen+ Slay+6}
  9799 | D:9      | Gained mutation: Your flesh is cold resistant. (rC+)
                  | [potion of mutation]
  9799 | D:9      | Gained mutation: Your spells are a little easier to cast,
                  | but a little less powerful. [potion of mutation]
  9799 | D:9      | Gained mutation: Your skin changes colour to match your
                  | surroundings (Stealth+). [potion of mutation]
  9799 | D:9      | Gained mutation: You have sharp toenails. [potion of
                  | mutation]
  9856 | D:9      | Reached skill level 10 in Ranged Weapons
 10031 | D:2      | Bought the ring of Ysisoc {rPois rF+ rN+ rCorr} for 613
                  | gold pieces
 10409 | D:9      | Noticed a two-headed ogre
 10433 | D:8      | Killed a two-headed ogre
 10434 | D:8      | Reached XP level 11. HP: 97/97 MP: 10/10
 10545 | D:9      | Found a snail-covered altar of Cheibriados.
 10570 | D:9      | Found a radiant altar of Vehumet.
 10736 | D:9      | Reached **** piety under Trog
 11124 | D:10     | Entered Level 10 of the Dungeon
 11215 | D:10     | Found a flagged portal.
 11224 | D:10     | Reached skill level 11 in Axes
 11246 | Bailey   | Entered a bailey
 12152 | Bailey   | Reached ***** piety under Trog
 12522 | D:10     | Noticed Nergalle
 12533 | D:10     | Killed Nergalle
 12663 | D:10     | Reached skill level 12 in Axes
 12815 | D:10     | Reached skill level 10 in Fighting
 13207 | D:10     | Found a staircase to the Lair.
 13210 | D:10     | Found a shadowy altar of Dithmenos.
 13214 | D:10     | Found a hazy altar of Hepliaklqana.
 13437 | D:10     | Reached XP level 12. HP: 81/106 MP: 11/11
 13593 | D:10     | Found a sacrificial altar of Ru.
 13910 | Lair:1   | Entered Level 1 of the Lair of Beasts
 13934 | Lair:1   | Noticed a four-headed hydra
 13943 | Lair:1   | Killed a one-headed hydra
 14151 | Lair:1   | Reached skill level 13 in Axes
 14910 | Lair:2   | Found a staircase to the Snake Pit.
 15154 | Lair:2   | Noticed a death yak
 15154 | Lair:2   | Noticed a death yak
 15169 | Lair:2   | Noticed a death yak
 15170 | Lair:2   | Noticed a death yak
 15174 | Lair:1   | Killed a death yak
 15202 | Lair:2   | Noticed a death yak
 15207 | Lair:1   | Killed a death yak
 15208 | Lair:1   | Reached skill level 14 in Axes
 15236 | Lair:1   | Killed a death yak
 15237 | Lair:1   | Killed a death yak
 15296 | Lair:2   | Killed a death yak
 15385 | Lair:2   | Noticed a six-headed hydra
 15399 | Lair:2   | Killed a two-headed hydra
 15874 | Lair:3   | Reached XP level 13. HP: 105/116 MP: 12/12
 16342 | Lair:3   | Reached skill level 15 in Axes
 16775 | Lair:3   | Found a staircase to the Swamp.
 17464 | Lair:4   | Found a runed translucent door.
 17474 | Lair:4   | Noticed SirDiesAlot's ghost (journeyman DEEE)
 17487 | Lair:4   | Killed SirDiesAlot's ghost
 17523 | Lair:4   | Reached skill level 15 in Ranged Weapons
 17583 | Lair:4   | Reached skill level 16 in Axes
 18027 | Lair:5   | Entered Level 5 of the Lair of Beasts
 18118 | Lair:5   | Reached XP level 14. HP: 127/127 MP: 13/13
 18281 | Lair:5   | Found a staircase to the Slime Pits.
 18282 | Lair:5   | Found a viscous altar of Jiyva.
 20073 | Lair:5   | Reached skill level 17 in Axes
 22457 | Lair:5   | Found a corrupted altar of Lugonu.
 22457 | Lair:5   | Found a one-way gate to the infinite horrors of the Abyss.
 23252 | D:11     | Identified the +12 dagger "Afrov" {vorpal, rCorr Int+2}
 23725 | D:11     | Identified the +7 war axe of the Big Bang {vorpal, rC++
                  | rCorr Int-5}
 23945 | D:11     | Found a staircase to the Orcish Mines.
 24145 | Orc:1    | Entered Level 1 of the Orcish Mines
 24442 | Orc:2    | Entered Level 2 of the Orcish Mines
 24485 | Orc:2    | Reached skill level 10 in Evocations
 24498 | Orc:2    | Reached XP level 15. HP: 119/136 MP: 14/14
 24523 | Orc:2    | Received a gift from Trog
 24576 | Orc:1    | Found Taganinun's Jewellery Emporium.
 24627 | Orc:1    | Bought the ring "Uhiythryuna" {Fly rN+ Str+2 Dex+4 Stlth+}
                  | for 667 gold pieces
 24675 | Orc:1    | Found Jeeler's Assorted Antiques.
 24682 | Orc:1    | Bought a glowing arbalest for 262 gold pieces
 24682 | Orc:1    | Bought 2 scrolls of identify for 140 gold pieces
 24752 | Orc:2    | Found a staircase to the Elven Halls.
 24819 | Orc:2    | Reached skill level 18 in Axes
 27518 | Orc:2    | Found Abinen's Gadget Gallery.
 27533 | Orc:2    | Bought a wand of mindburst (1) for 19 gold pieces
 29042 | Orc:2    | Found Yshapn's Antique Weapon Emporium.
 29042 | Orc:2    | Found Vulu's Antique Armour Shop.
 29044 | Orc:2    | Found Betum's Weapon Shop.
 29044 | Orc:2    | Found Orghutou's Book Emporium.
 29050 | Orc:2    | Bought a pair of brightly glowing boots for 313 gold pieces
 29050 | Orc:2    | Identified the +1 pair of boots of the Sufficient God
                  | {+Blink rElec rF- Dex+6} (You bought it in a shop on level
                  | 2 of the Orcish Mines)
 29061 | Orc:2    | Bought a runed arbalest for 217 gold pieces
 29165 | D:11     | Identified the +5 spear "Vodes" {antimagic, rCorr Int-4
                  | SInv}
 29236 | D:12     | Found a transporter.
 29250 | D:12     | Found a gate leading to a gauntlet.
 29259 | Gauntlet | Entered a Gauntlet
 29259 | Gauntlet | Found a transporter.
 29260 | Gauntlet | Upgraded the game from 0.30-a0-122-g2a1322497e to
                  | 0.30-a0-123-g91d0c66ccf
 29262 | Gauntlet | Found a transporter.
 29270 | Gauntlet | Found the +4 skin of Zhor {*Englaciate rC+++ SInv}
 29284 | Gauntlet | Found a transporter.
 29297 | Gauntlet | Found a transporter.
 29305 | Gauntlet | Gained mutation: You are weak. (Str -2) [a neqoxec]
 29406 | Gauntlet | Identified the +0 pair of gloves of Absence {Int+2 Slay+3}
 29468 | Gauntlet | Found a transporter.
 29531 | Gauntlet | Identified the ring of Lugonu's Generosity {rPois Str+6}
 29544 | Gauntlet | Identified the ring of Oricku {rN+ MP+9 Str+2 Dex+2}
 29863 | D:12     | Found a transporter.
 29866 | D:12     | Noticed Newt's ghost (journeyman DsGl)
 29984 | D:12     | Acquired the +4 crystal plate armour "Acleanull" {Fly rPois
                  | rN+ Int-3}
 30157 | D:12     | Reached skill level 1 in Stealth
 30527 | D:12     | Killed Newt's ghost
 30601 | D:12     | Reached XP level 16. HP: 147/147 MP: 15/15
 31179 | D:13     | Reached skill level 19 in Axes
 31273 | D:13     | Found a shimmering altar of Xom.
 31280 | D:13     | Lost mutation: You are weak. (Str -2) [potion of mutation]
 31280 | D:13     | Lost mutation: Your spells are a little easier to cast, but
                  | a little less powerful. [potion of mutation]
 31280 | D:13     | Lost mutation: You have sharp toenails. [potion of
                  | mutation]
 31280 | D:13     | Gained mutation: You have a pair of large horns on your
                  | head. [potion of mutation]
 31280 | D:13     | Gained mutation: You have hidden genetic potential. [potion
                  | of mutation]
 31545 | D:13     | Received a gift from Trog
 31611 | D:14     | Reached XP level 17. HP: 154/154 MP: 16/16
 32356 | D:14     | Found a gate to the Vaults.
 32578 | D:14     | Identified the +1 chain mail of Xaiskuma {rF+ Stlth+}
 32842 | D:15     | Entered Level 15 of the Dungeon
 33383 | D:15     | Found a runed translucent gate.
 33383 | D:15     | Found an opulent altar of Gozag.
 33384 | D:15     | Found a runed translucent gate.
 33385 | D:15     | Found a runed translucent gate.
 33385 | D:15     | Found Iwiplav's Assorted Antiques.
 33385 | D:15     | Noticed Myatze's ghost (journeyman FeSu)
 33387 | D:15     | Found Owoipew's Assorted Antiques.
 33400 | D:15     | Reached skill level 5 in Dodging
 34132 | D:15     | Reached skill level 15 in Fighting
 34287 | D:15     | Reached skill level 10 in Armour
 34287 | D:15     | Found a staircase to the Depths.
 34428 | D:15     | Killed Myatze's ghost
 34596 | D:15     | Bought a scroll of identify for 52 gold pieces
 34596 | D:15     | Bought a scroll of identify for 52 gold pieces
 34596 | D:15     | Bought a scroll of teleportation for 78 gold pieces
 34983 | Swamp:1  | Entered Level 1 of the Swamp
 35283 | Swamp:1  | Reached skill level 20 in Axes
 35901 | Swamp:2  | Gained mutation: You are resistant to electric shocks.
                  | (rElec) [hidden potential]
 36569 | Swamp:4  | Entered Level 4 of the Swamp
 36580 | Swamp:4  | Received a gift from Trog
 36581 | Swamp:4  | Reached XP level 18. HP: 92/163 MP: 17/17
 36719 | Swamp:4  | Reached skill level 5 in Throwing
 36768 | Swamp:4  | Reached skill level 5 in Stealth
 36794 | Swamp:4  | Noticed the 27-headed Lernaean hydra
 36807 | Swamp:3  | Killed the 25-headed Lernaean hydra
 38444 | Swamp:4  | Got a decaying rune of Zot
 38660 | Snake:1  | Entered Level 1 of the Snake Pit
 38660 | Snake:1  | Noticed Agnes
 38667 | Snake:1  | Killed Agnes
 39040 | Snake:1  | Reached skill level 21 in Axes
 39043 | Snake:1  | Slain by a naga warrior

Illustrated notes

Levels and vault maps discovered:
D:1:      dpeg_arrival_signposts, layout_rooms,
          hellmonk_ecumenical_altar_lost_god, nicolae_wormholes
D:2:      layout_basic, serial_shops, shop_statue, basic_altar,
          hangedman_abyss_or_decor_lesser_grid, hangedman_feature_mirror
D:3:      layout_basic, bloody_trog, mainiacjoe_overflow_cross_hatched,
          uniq_sigmund, uniq_jessica
D:4:      layout_loops_ring, ebering_ghost_sewer_f, grunt_ministairs_10
D:5:      layout_rooms, mainiacjoe_overflow_24_doors,
          lemuel_zombie_altar_kikubaaqudgha, minmay_manual_macuahuitl
D:6:      layout_loops_cross
D:7:      layout_cave_pools, lemuel_mausoleum_altar_yredelemnul,
          minmay_temple_entry_grid, serial_shops, nicolae_shop_hallway_stairs,
          kennysheep_generic_room_12
D:8:      minmay_inner_zag, layout_gridville,
          nicolae_gozag_cash_rules_everything_around_me,
          minmay_misc_feat_square, uniq_joseph, uniq_erica, uniq_pikel
D:9:      minmay_goldmine, layout_irregular_city, vehumet_statue,
          cheibriados_altar_1
D:10:     layout_basic, riverfiend_overflow_shadow_ancestor,
          mainiacjoe_overflow_boulevard, serial_undead, serial_undead_c,
          serial_undead_a, serial_undead_d, serial_undead_c, serial_undead_a,
          serial_undead_b, enter_bailey_5, uniq_nergalle
D:11:     minmay_weird_star, layout_irregular_city, hiddenorc1_lemuel
D:12:     minmay_tri_stars, layout_loops_ring, gammafunk_ghost_mausoleum,
          gauntlet_entry_generic
D:13:     layout_loops_cross, tgw_xom
D:14:     layout_loops_corners, david_vaults_4, kennysheep_crisscross
D:15:     gammafunk_enter_depths_forms, layout_basic, nicolae_water_bricks,
          ebering_ghost_gozag
Lair:1:   layout_roguey
Lair:2:   layout_loops_ring, guppyfry_snake_entry_island, guppyfry_lair_drakes,
          grunt_megastairs_3, infiniplex_staircase_pool
Lair:3:   nzn_winding_woodlands_cross [nzn_winding_woodlands_5x15_sawtooth,
          nzn_winding_woodlands_5x15_river_crossing,
          nzn_winding_woodlands_5x15_crooked,
          nzn_winding_woodlands_5x15_pockets,
          nzn_winding_woodlands_15x15_boxy_spiral], layout_hall_layers,
          swamp_mist, gammafunk_lair_bear_cave
Lair:4:   layout_regular_city, ebering_ghost_inner_flame, minivault_27,
          grunt_megastairs_5
Lair:5:   hellmonk_lair_end_abyssal_woods, layout_regular_city, slime_entry_1,
          lemuel_fruit_tree
Swamp:1:  layout_basic_swamp, evilmike_swamp_ruin_rubble_2
Swamp:2:  layout_basic_swamp, nicolae_swamp_little_tower
Swamp:3:  layout_falls_marsh, nicolae_swamp_well_well_well, swamp_pool4
Swamp:4:  swamp_alternative, layout_basic_swamp, swamp_pool1
Snake:1:  layout_layer_cave, uniq_roxanne, uniq_agnes
Orc:1:    layout_diamond_mine, serial_shops, nicolae_shop_stone,
          nicolae_shop_waterfront
Orc:2:    grunt_orc_tribal_feast, layout_diamond_mine, nicolae_shop_gadgets

Skill      XL: |  1  2  3  4  5  6  7  8  9 10 11 12 13 14 15 16 17 18 |
---------------+-------------------------------------------------------+-----
Axes           | 4 5 6 7 8 9 10 12 14 16 17 18 19 20 21 | 21.0
Fighting       | 4 5 6 7 9 10 11 12 13 14 15 | 15.9
Throwing       | 1 2 3 4 5 |  5.6
Ranged Weapons | 2 3 4 6 8 10 11 13 15 16 17 18 | 18.0
Evocations     | 1 2 3 4 5 6 7 9 10 | 10.6
Maces & Flails | 4 6 |  6.0
Armour         | 7 8 11 12 | 12.8
Stealth        | 1 2 4 5 |  5.7
Dodging        | 3 6 7 |  7.5

Action                   |  1- 3 |  4- 6 |  7- 9 | 10-12 | 13-15 | 16-18 || total
-------------------------+-------+-------+-------+-------+-------+-------++-------
Melee: Hand axe          |    73 |    49 |    19 |       |       |       ||   141
       Headbutt          |    14 |     8 |    45 |    79 |   127 |    76 ||   349
       Trident           |       |    10 |   182 |       |       |       ||   192
       Punch             |       |       |     3 |       |     1 |       ||     4
       Dire flail        |       |       |    83 |    57 |     4 |       ||   144
       Battleaxe         |       |       |       |   274 |   447 |       ||   721
       Kick              |       |       |       |    86 |   164 |       ||   250
       Scimitar          |       |       |       |    11 |     8 |       ||    19
       Executioner's axe |       |       |       |       |     4 |   288 ||   292
 Fire: Sling             |       |    40 |       |       |       |       ||    40
       Shortbow          |       |       |    97 |       |       |       ||    97
       Arbalest          |       |       |    16 |   173 |   329 |   298 ||   816
Throw: Boomerang         |     8 |     1 |    11 |     6 |    38 |    16 ||    80
       Dart              |       |       |       |       |    11 |       ||    11
       Javelin           |       |       |       |       |       |     3 ||     3
Invok: Berserk           |     2 |     3 |    10 |    19 |    12 |     6 ||    52
       Trog's Hand       |       |       |     8 |    12 |    33 |    13 ||    66
       Brothers in Arms  |       |       |       |       |     1 |       ||     1
Evoke: Wand              |       |     1 |     3 |     9 |     5 |     4 ||    22
       Condenser vane    |       |       |       |       |     2 |     1 ||     3
       Box of beasts     |       |       |       |       |     1 |       ||     1
  Use: Scroll            |       |     2 |     8 |    11 |    19 |     8 ||    48
       Potion            |       |       |       |     1 |    10 |     4 ||    15
 Stab: Paralysed         |       |     2 |       |       |       |       ||     2
       Distracted        |       |       |       |       |     6 |       ||     6
       Invisible         |       |       |       |       |     7 |       ||     7
Armor: Animal skin       |    16 |       |       |       |       |       ||    16
       Plate armour      |       |    21 |   184 |   280 |   292 |       ||   777
       Crystal plate arm |       |       |       |       |    34 |   470 ||   504
Dodge: Dodged            |    43 |    28 |   111 |   196 |   155 |   213 ||   746
Block: Other             |       |       |    23 |    21 |       |       ||    44
       Reflection        |       |       |     1 |       |       |       ||     1

Table legend: (Time is in decaauts)
 A = Elapsed time spent in this place.
 B = Non-inter-level travel time spent in this place.
 C = Inter-level travel time spent in this place.
 D = Time resting spent in this place.
 E = Time spent auto-exploring this place.
 F = Levels seen in this place.
 G = Mean time per level.
                   A        B        C        D        E       F      G
               +--------+--------+--------+--------+--------+-----+--------+
         Total |  39911 |  38359 |   1552 |  16503 |  14794 |  29 | 1376.2 |
       Dungeon |  19734 |  18774 |    960 |   6018 |   8928 |  15 | 1315.6 |
          Lair |   9577 |   9159 |    418 |   4230 |   3530 |   5 | 1915.4 |
         Swamp |   3730 |   3616 |    114 |   1637 |   1356 |   4 |  932.5 |
     Snake Pit |    411 |    411 |      0 |      0 |    273 |   1 |  411.0 |
  Orcish Mines |   4949 |   4891 |     58 |   3667 |    681 |   2 | 2474.5 |
        Bailey |   1206 |   1206 |      0 |    817 |     17 |   1 | 1206.0 |
      Gauntlet |    301 |    301 |      0 |    133 |      8 |   1 |  301.0 |
               +--------+--------+--------+--------+--------+-----+--------+

Top non-repeatable levels by time:
  Lair:5: 5052 daAuts
   Orc:2: 4456 daAuts
     D:8: 2626 daAuts
    D:15: 1831 daAuts
    D:10: 1723 daAuts
     D:5: 1658 daAuts
  Lair:3: 1449 daAuts
     D:9: 1350 daAuts
 Swamp:4: 1344 daAuts
    D:14: 1306 daAuts
     D:2: 1267 daAuts
  Bailey: 1206 daAuts
 Swamp:3: 1180 daAuts
    D:12: 1167 daAuts
  Lair:4: 1139 daAuts
